 Dungeon Crawl Stone Soup version 0.32-a0-350-g4f4d228785 (webtiles) character file.

Game seed: 1678832567959046089

1470649 Sergey the Brawler (level 26, 313/313 HPs)
             Began as a Naga Gladiator on Feb 17, 2024.
             Was the Champion of Lugonu.
             Escaped with the Orb
             ... and 3 runes on Feb 18, 2024!
             The game lasted 04:08:06 (87779 turns).

Sergey the Brawler (Naga Gladiator)                Turns: 87779, Time: 04:08:06

Health: 313/313    AC: 33    Str: 24    XL:     26   Next: 93%
Magic:  27/39      EV: 15    Int: 15    God:    Lugonu [******]
Gold:   542        SH:  8    Dex: 14    Spells: 11/49 levels left

rFire   + +          .
                       - Unarmed
rCold   + . .        j - +2 buckler {AC+3}
rNeg    + + +        V - melded +3 leather armour "Hynn" {*Corrode rF+ Str+5 Int+3} rPois โˆž
                     (helmet restricted)
rElec   +            y - +2 cloak
rCorr   +            x - melded +2 pair of gloves
SInv    +            H - melded +0 barding {rF+}
Will    +++..        u - amulet of regeneration
Stlth   ++           J - ring "Izeoc" {rPois rF+ rN++ Int+3}
HPRegen 1.52/turn    G - ring "Nalysa" {rF+ rC+ rCorr Slay+3, =R}
MPRegen 0.26/turn

%: no passive effects
@: statue-form, studying Long Blades, very slow
A: slow and powerful, torment resistance 1, boosted hp, AC +8, large, see
invisible, deformed body, poison resistance, (slowness 2), spit poison 2, naga
tail 2, antennae 1, (iridescent scales 1), clumsy 1, strong 1, wild magic 1,
inability to drink after injury 1
0: Orb of Zot
}: 3/15 runes: serpentine, barnacled, slimy
a: Breathe Poison Gas, Begin Untransformation, Renounce Religion, Depart the
Abyss, Banish, Corrupt, Enter the Abyss


You escaped.
You worshipped Lugonu.
Lugonu was exalted by your worship.
You were a living statue of rough stone.
You visited 10 branches of the dungeon, and saw 51 of its levels.
You visited the Abyss 2 times.
You visited 1 bazaar.
You also visited: Ice Cave and Wizlab.

You collected 6361 gold pieces.
You spent 5819 gold pieces at shops.

Inventory:

Hand Weapons
 w - a +9 short sword of flaming
 Z - a +6 dagger of distortion {!w}
Missiles
 l - 11 throwing nets
 t - 4 curare-tipped darts
 D - 18 boomerangs
Armour
 j - a +2 buckler of protection (worn)
 m - a +2 buckler of cold resistance
 x - a +2 pair of gloves (melded)
 y - a +2 cloak (worn)
 H - a +0 barding of fire resistance (melded)
 P - a +2 helmet
 V - the +3 leather armour "Hynn" (melded) {*Corrode rF+ Str+5 Int+3}
   (You bought it in a shop on level 2 of the Orcish Mines)

   Str+5:     It affects your strength (+5).
   Int+3:     It affects your intelligence (+3).
   rF+:       It protects you from fire.
   *Corrode:  It may corrode you when you take damage.
Magical Staves
 r - a staff of cold
Jewellery
 d - a ring of willpower
 u - an amulet of regeneration (around neck)
 E - the ring of the Hundredfold Demons {rPois rF++ Str+4 SInv}
   (You found it on level 4 of the Depths)

   [ring of see invisible]

   Str+4:     It affects your strength (+4).
   rF++:      It greatly protects you from fire.
   rPois:     It protects you from poison SInv: It lets you see invisible.
 G - the ring "Nalysa" (right fist) {rF+ rC+ rCorr Slay+3, =R}
   (You bought it in a shop on level 1 of the Snake Pit)

   [ring of resist corrosion]

   Slay+3:    It affects your accuracy & damage with ranged weapons and melee
   (+3).
   rF+:       It protects you from fire.
   rC+:       It protects you from cold.
   rCorr:     It protects you from acid and corrosion.
 J - the ring "Izeoc" (left fist) {rPois rF+ rN++ Int+3}
   (You took it off a deep elf high priest on level 3 of the Elven Halls)

   [ring of poison resistance]

   Int+3:     It affects your intelligence (+3).
   rF+:       It protects you from fire.
   rPois:     It protects you from poison rN++: It greatly protects you from
   negative energy.
 O - the ring "Foaxunt" {+Blink MP+9 Dex+6}
   (You found it on level 2 of the Snake Pit)

   [ring of dexterity]

   Dex+6:     It affects your dexterity (+6).
   MP+9:      It affects your magic capacity (+9).
   +Blink:    It lets you blink.
Talismans
 A - a granite talisman (active)
Wands
 i - a wand of iceblast (17)
 s - a wand of charming (39)
 v - a wand of digging (11)
 M - a wand of mindburst (30)
Scrolls
 e - 2 scrolls of silence {!r}
 f - 6 scrolls of immolation
 o - 3 scrolls of blinking {@r4}
 z - 3 scrolls of fear
 I - 9 scrolls of teleportation {@r3}
 L - 4 scrolls of fog {@r2}
 T - 2 scrolls of noise
 X - 2 scrolls of torment
Potions
 a - 3 potions of resistance
 b - 5 potions of brilliance
 g - 3 potions of invisibility
 h - 8 potions of enlightenment
 n - 4 potions of haste {@q5}
 C - 7 potions of lignification
 F - 2 potions of magic
 K - 8 potions of heal wounds {@q1}
 N - 2 potions of ambrosia
 S - 2 potions of mutation
 W - a potion of cancellation
 Y - 11 potions of curing {@q2}
Miscellaneous
 q - a phial of floods
 B - a tin of tremorstones (2/2)
 Q - a phantom mirror
 R - a lightning rod (4/4)


   Skills:
 - Level 15.0 Fighting
 - Level 6.0 Short Blades
 - Level 3.0 Throwing
 - Level 5.6 Armour
 - Level 13.1 Dodging
 - Level 12.0 Stealth
 - Level 10.0 Shields
 + Level 20.9 Unarmed Combat
 - Level 12.0 Spellcasting
 - Level 5.0 Hexes
 - Level 16.0 Summonings
 - Level 18.0 Translocations
 - Level 6.0 Ice Magic
 - Level 2.0 Earth Magic
 - Level 14.0 Invocations
 - Level 12.0 Evocations
 - Level 16.0 Shapeshifting


You had 11 spell levels left.
You knew the following spells:

 Your Spells              Type           Power      Damage    Failure   Level
a - Malign Gateway        Summ/Tloc      33%        N/A       11%         7
b - Summon Hydra          Summ           32%        N/A       16%         7
c - Frozen Ramparts       Ice            70%        1d11      4%          3
e - Blink                 Tloc           100%       N/A       1%          2
f - Summon Forest         Summ/Tloc      33%        N/A       1%          5
g - Summon Cactus Giant   Summ           32%        N/A       3%          6
h - Passwall              Erth           19%        N/A       17%         3
j - Apportation           Tloc           100%       N/A       1%          1
p - Manifold Assault      Tloc           69%        N/A       1%          4

Your spell library contained the following spells:

 Spells                   Type           Power      Damage    Failure   Level
 Freeze                   Ice            100%       1d10      1%          1
 Summon Small Mammal      Summ           100%       N/A       1%          1
 Call Imp                 Summ           100%       N/A       1%          2
 Lesser Beckoning         Tloc           100%       N/A       1%          2
 Momentum Strike          Conj/Tloc      92%        3d10      1%          2
 Call Canine Familiar     Summ           65%        N/A       1%          3
 Gell's Gravitas          Tloc           69%        N/A       1%          3
 Summon Ice Beast         Ice/Summ       53%        N/A       1%          3
 Teleport Other           Tloc           69%        N/A       1%          3
 Volatile Blastmotes      Fire/Tloc      92%        2d17      1%          3
 Dispersal                Tloc           34%        N/A       1%          6
 Ensorcelled Hibernation  Hex/Ice        66%        N/A       2%          2
 Ozocubu's Armour         Ice            35%        N/A       4%          3
 Animate Armour           Summ/Erth      92%        N/A       4%          4
 Vhi's Electric Charge    Tloc/Air       92%        N/A       4%          4
 Confusing Touch          Hex            31%        N/A       5%          3
 Summon Blazeheart Golem  Fire/Summ      42%        N/A       5%          4
 Summon Lightning Spire   Summ/Air       42%        N/A       5%          4
 Sandblast                Erth           38%        2d10      6%          1
 Hailstorm                Conj/Ice       23%        3d7       12%         3
 Foxfire                  Conj/Fire      44%        2x1d6     13%         1
 Kiss of Death            Conj/Necr      44%        2d8       13%         1
 Necrotise                Necr           44%        1d6       13%         1
 Sting                    Conj/Alch      44%        1d5       13%         1
 Dazzling Flash           Conj/Hex       42%        N/A       14%         3
 Inner Flame              Hex/Fire       21%        N/A       14%         3
 Cigotuvi's Dreadful Rot  Necr/Alch/Air  22%        N/A       19%         2
 Mercury Vapours          Alch/Air       22%        N/A       19%         2
 Scorch                   Fire           22%        2d5       19%         2
 Static Discharge         Conj/Air       22%        3-4/arc   19%         2
 Stone Arrow              Conj/Erth      30%        3d8       24%         3
 Fugue of the Fallen      Necr           11%        N/A       34%         3
 Mephitic Cloud           Conj/Alch/Air  11%        N/A       34%         3
 Swiftness                Air            11%        N/A       34%         3
 Anguish                  Hex/Necr       10%        N/A       38%         4
 Brom's Barrelling Bould  Conj/Erth      15%        2d4       58%         4
 Petrify                  Alch/Erth      15%        N/A       58%         4
 Summon Horrible Things   Summ           32%        N/A       71%         8
 Airstrike                Air            5%         2d(1-17)  73%         4
 Animate Dead             Necr           11%        N/A       73%         4
 Dispel Undead            Necr           11%        3d9       73%         4
 Flame Wave               Conj/Fire      11%        2d6       73%         4
 Fulminant Prism          Conj/Alch      5%         3d6       73%         4
 Ignite Poison            Fire/Alch      11%        N/A       73%         4
 Sticky Flame             Fire/Alch      11%        2d5       73%         4
 Silence                  Hex/Air        10%        N/A       73%         5
 Freezing Cloud           Conj/Ice/Air   9%         6-21      78%         5
 Lee's Rapid Deconstruct  Erth           9%         3d7*      78%         5
 Borgnjor's Vile Clutch   Necr/Erth      7%         N/A       89%         5
 Alistair's Intoxication  Alch           7%         N/A       96%         5
 Arcjolt                  Conj/Air       5%         1d15      96%         5
 Curse of Agony           Necr           11%        N/A       96%         5
 Fireball                 Conj/Fire      5%         3d5       96%         5
 Irradiate                Conj/Alch      5%         3d13      96%         5
 Iskenderun's Battlesphe  Conj           11%        2d7       96%         5
 Haunt                    Necr/Summ      21%        N/A       97%         7
 Spellforged Servitor     Conj/Summ      21%        N/A       97%         7
 Sculpt Simulacrum        Ice/Alch       11%        N/A       99%         6
 Bombard                  Conj/Erth      7%         9d2       100%        6
 Conjure Ball Lightning   Conj/Air       5%         3x3d6     100%        6
 Death Channel            Necr           5%         N/A       100%        6
 Eringya's Noxious Bog    Alch           5%         4d6       100%        6
 Plasma Beam              Fire/Air       5%         2x1d16    100%        6
 Starburst                Conj/Fire      5%         6d4       100%        6
 Orb of Destruction       Conj           5%         9d5       100%        7
 Ozocubu's Refrigeration  Ice            17%        4d11      100%        7
 Borgnjor's Revivificati  Necr           5%         N/A       100%        8
 Ignition                 Fire           5%         3d4       100%        8
 Lehudib's Crystal Spear  Conj/Erth      7%         10d3      100%        8
 Maxwell's Capacitive Co  Air            5%         โˆž       100%        8
 Death's Door             Necr           5%         N/A       100%        9
 Polar Vortex             Ice            17%        12d2*     100%        9
 Sublimation of Blood     Necr           Unusable   N/A       N/A         2

Dungeon Overview and Level Annotations

Branches:
Dungeon (15/15)            Temple (0/1) D:5            Lair (5/5) D:10
 Shoals (4/4) Lair:2        Snake (4/4) Lair:2        Slime (5/5) Lair:4
    Orc (2/2) D:10            Elf (3/3) Orc:2        Vaults (4/5) D:13
  Crypt (0/3) Vaults:2     Depths (4/4) D:15            Zot (5/5) Depths:4
  IceCv (visited)          WizLab (visited)

Altars:
Ashenzari
Cheibriados
Dithmenos
Elyvilon
Fedhas
Gozag
Hepliaklqana
Kikubaaqudgha
Makhleb
Okawaru
Sif Muna
Trog
Vehumet
Yredelemnul
Zin
The Shining One
Beogh
Jiyva

Shops:
D:2 (   D:7 *   D:11 =   Orc:1 (   Orc:2 [*:(   Elf:1 *[*[*   Elf:3 [***?
Shoals:3 *   Snake:1 ==   Vaults:1 *(

Portals:
Hell: Depths:1 Depths:2 Depths:4
Abyss: Depths:1 Depths:3
Ziggurat: Depths:4

Annotations:
D:3 exclusion: downstairs
D:5 exclusions: downstairs and upstairs
D:6 exclusion: downstairs
D:7 1 runed translucent door, 9 exclusions, Crazy Yiuf
D:8 exclusion: oklob plant
D:10 exclusion: downstairs
Lair:3 exclusion: downstairs
Lair:5 exclusion: obsidian statue
Shoals:1 2 runed translucent doors, Jullin's ghost, adept MiBe
Shoals:3 corrupted, exclusion: downstairs
Snake:2 exclusions: downstairs and 1 more exclusion
Snake:4 corrupted
Slime:5 corrupted, Royal Jelly
Orc:1 2 transporters
Orc:2 corrupted
Elf:1 exclusion: eldritch tentacle
Elf:2 5 runed translucent doors
Elf:3 corrupted
Vaults:1 corrupted
Vaults:2 corrupted
Depths:2 3 runed translucent doors, exclusions: door, downstairs and 1 more exclusion, Pohotif's ghost, adept MiFi
Depths:3 corrupted, Vv
Depths:4 exclusions: angel, daeva and 2 more exclusions
Zot:4 2 transporters, exclusion: orange crystal statue, Bimouf's ghost, veteran DgGl; Doacwiki's ghost, veteran MiMo; Woimireu's ghost, veteran DsGl
Zot:5 corrupted
Abyss:1 Bai Suzhen; Lodul; Nessos


Innate Abilities, Weirdness & Mutations

You are a living statue of rough stone.
Your actions are slow, but your melee attacks are powerful.
You are resistant to unholy torment.
Your maximum health is greatly increased.
Your equipment is partially melded.
Your facial features look somewhat orcish.
((Your serpentine skin is tough. (AC +8)))
You are immune to poison.
You have supernaturally acute eyesight. (SInv)
Armour fits poorly on your strangely shaped body.
Your system is resistant to poisons. (rPois)
((You cover ground very slowly.))
You can exhale a cloud of poison.
You can use your snake-like lower body to constrict enemies.
You have a pair of small antennae on your head.
((You are partially covered in iridescent scales. (AC +2)))
You are clumsy. (Dex -2)
Your muscles are strong. (Str +4, Int/Dex -1)
Your spells are a little harder to cast, but a little more powerful.
You occasionally lose the ability to drink potions when taking damage.


Message History

You climb upwards.
There is a stone staircase leading down here.
There is a stone staircase leading up here.
You climb upwards.
There is a stone staircase leading down here.
HP restored. 2 golden eyes come into view.
Space momentarily warps into an impossible shape!
You pound the golden eye into fine dust!!!!
You kill the golden eye!
Lugonu accepts your kill.
You barely miss the golden eye.
Space momentarily warps into an impossible shape!
You barely miss the golden eye.
Space momentarily warps into an impossible shape!
You closely miss the golden eye. The golden eye blinks at you.
You resist with almost no effort.
Space momentarily warps into an impossible shape!
You miss the golden eye. You punch the golden eye!
Your grab misses the golden eye.
The golden eye is almost dead.
You miss the golden eye. Your grab misses the golden eye.
The golden eye is severely wounded.
You closely miss the golden eye. Your grab misses the golden eye.
The golden eye is severely wounded.
The golden eye blinks at you. You resist with almost no effort.
You hit the golden eye. Your grab misses the golden eye.
The golden eye is almost dead.
The golden eye blinks at you. You resist with some effort.
A shadow demon comes into view.
You pummel the golden eye!!
You kill the golden eye!
Lugonu accepts your kill.
Blink to where?
Press: ? - help, Dir - move target
As you read the scroll of blinking {@r4}, it crumbles to dust.
You have escaped!

.###........#......#............#
#...........#......#............#
#...#....##.#........รท)..########
............#####.......##
#...>.......#...........#
#...#.........#####..####
#...#...##...#.....#..##
#...#...##..#.......#..##
#...#...#..#....I....#..#
#...#...##..#.......#..##
#####...###..#.....#..## # #...#
##..#####..## # ##### ##.......##
#########


There were no monsters in sight!

Vanquished Creatures
  Dissolution (Slime:5)
  An orb of fire (Zot:5)
  2 ancient liches (Zot:5)
  Mara (Snake:3)
  3 juggernauts
  Saint Roka (Vaults:1)
  A curse toe (Zot:5)
  A Killer Klown (Zot:5)
  3 caustic shrikes (Depths:4)
  Margery (Depths:3)
  9 golden dragons
  the Enchantress (Depths:3)
  A Tzitzimitl (Zot:2)
  A bone dragon (Depths:4)
  A pandemonium lord (D:3)
  3 electric golems
  A walking crystal tome (Depths:2)
  11 tentacled monstrosities
  A walking earthen tome (Depths:3)
  2 liches
  20 Orb Guardians
  2 titans
  A kraken (Shoals:3)
  An Ice Fiend (D:3)
  2 deep elf blademasters
  6 quicksilver dragons
  4 sphinxes
  A deep elf master archer (Elf:3)
  A searing wretch (Depths:3)
  6 acid blobs
  5 eldritch tentacles
  5 death cobs
  5 shadow dragons
  Kirke (D:14)
  6 tengu reavers
  9 storm dragons
  A thorn hunter (WizLab)
  5 azure jellies
  A rockslime (Slime:1)
  7 fire giants
  2 protean progenitors (Zot:5)
  7 draconian monks
  A fenstrider witch (WizLab)
  6 frost giants
  5 draconian knights
  7 nagarajas
  A deep elf sorcerer (Elf:3)
  7 vault wardens
  3 ghost moths
  A draconian shifter (Zot:3)
  7 draconian scorchers
  7 deep elf elementalists
  2 draconian annihilators (Zot:1)
  An angel (Vaults:1)
  6 draconian stormcallers
  14 ironbound preservers
  3 orc warlords
  10 stone giants
  3 quicksilver oozes
  6 ironbound thunderhulks
  5 spriggan defenders (Depths:3)
  A formless jellyfish (Slime:2)
  27 very ugly things
  An apis (Shoals:4)
  4 deep elf demonologists (Elf:3)
  3 deep elf death magi
  6 purple draconians
  5 white draconians
  6 black draconians
  5 green draconians
  A war gargoyle (Vaults:3)
  4 red draconians
  3 deep elf annihilators
  An eleionoma (WizLab)
  3 spark wasps
  3 dire elephants (Lair:5)
  8 yellow draconians
  A crystal guardian (Vaults:3)
  3 blizzard demons
  2 merfolk javelineers (Shoals:4)
  8 fire dragons
  8 ettins
  8 yaktaur captains
  12 merfolk impalers
  2 entropy weavers (Vaults:1)
  A shambling mangrove (WizLab)
  4 vault guards
  6 great orbs of eyes
  2 salamander tyrants
  2 caustic shrike simulacra (Elf:1)
  3 rakshasas
  2 peacekeepers (Vaults:3)
  A hydra (Lair:2)
  7 ice dragons
  6 deep elf high priests
  6 spriggan air magi
  8 ironbound frosthearts
  3 ogre magi
  7 merfolk aquamancers
  A merfolk avatar (Shoals:4)
  6 anacondas
  A radroach (Elf:1)
  3 catoblepae
  9 centaur warriors
  7 death yaks
  14 two-headed ogres
  2 satyrs
  An alligator snapping turtle (Shoals:3)
  4 vampire magi
  14 dancing weapons
  4 boulder beetles
  6 deep troll shamans
  8 hell knights
  7 naga warriors
  4 deep troll earth magi
  9 spriggan berserkers
  2 tengu warriors
  6 shock serpents
  A sun demon (Zot:2)
  13 naga sharpshooters
  A spectral dire elephant (Lair:5)
  4 orc high priests
  18 skeletal warriors
  7 iron trolls
  6 deep elf knights
  6 skysharks
  2 fire crabs (Elf:1)
  4 cherubim (Shoals:4)
  A spectral anaconda (Lair:5)
  15 sea snakes
  2 death drakes (Elf:1)
  4 salamander mystics
  6 arcanists
  5 glowing orange brains
  6 mana vipers
  2 sun moths (Elf:1)
  5 naga ritualists
  A deep troll (shapeshifter) (Vaults:4)
  51 deep trolls
  5 necromancers
  13 ironbound convokers
  8 orc knights
  10 deep elf archers
  24 deep elf pyromancers
  26 deep elf zephyrmancers
  An oklob plant (Lair:2)
  19 harpies
  13 shining eyes
  6 cyclopes
  5 fauns
  38 ugly things
  20 moths of wrath
  5 orc sorcerers
  A will-o-the-wisp (Elf:1)
  18 manticores
  8 merfolk sirens
  3 kobold blastminers (Orc:1)
  A meliai (D:13)
  9 salamanders
  8 centaur zombies (D:14)
  18 elephants
  11 water nymphs
  7 guardian serpents
  15 naga magi
  16 black mambas
  2 molten gargoyles (Elf:1)
  2 eyes of devastation (Slime:2)
  10 vault sentinels
  2 ice statues (Elf:1)
  A gargoyle (D:13)
  7 nameless horrors
  8 cane toads
  10 komodo dragons
  3 unseen horrors
  A torpor snail (shapeshifter) (Vaults:1)
  A tengu conjurer (D:13)
  2 dire elephant skeletons (Lair:5)
  19 yaktaurs
  5 kobold demonologists
  2 bunyip simulacra (Elf:1)
  Psyche (D:8)
  An efreet (Zot:2)
  7 rime drakes
  23 merfolk
  An ice devil (Depths:1)
  A polar bear (Lair:1)
  A queen bee (shapeshifter) (Vaults:1)
  8 trolls
  A polar bear (shapeshifter) (Vaults:1)
  A hellwing (D:3)
  2 tarantellas (Elf:1)
  4 wind drakes (Shoals:3)
  5 hornets
  2 glass eyes
  13 snapping turtles
  A spectral elephant (Lair:5)
  8 dream sheep
  2 jumping spiders (Elf:1)
  26 blink frogs
  37 slime creatures
  5 spriggans
  3 air elementals
  5 shadows
  A vampire (D:14)
  2 dire elephant simulacra
  17 water elementals
  2 wyverns
  2 basilisks
  A wraith (D:14)
  6 golden eyes
  A wyvern (shapeshifter) (Vaults:1)
  A golden eye (shapeshifter) (Vaults:1)
  2 death yak simulacra
  2 redbacks (Vaults:1)
  An alligator snapping turtle simulacrum (Elf:1)
  4 wargs
  4 fire elementals
  4 vampire mosquitoes
  55 yaks
  2 steam dragons (Shoals:3)
  2 spectral cane toads (Lair:5)
  35 nagas
  2 spatial vortices (Elf:1)
  8 water moccasins
  2 acid dragons
  A hydra simulacrum (Elf:1)
  A moth of wrath simulacrum (Zot:1)
  An ice beast (D:7)
  A swamp drake (D:10)
  Duvessa (D:3)
  19 orc warriors
  2 laughing skulls (D:14)
  2 fire dragon simulacra (Elf:1)
  4 black bears
  20 ogres
  3 boggarts (Vaults:1)
  22 wolves
  12 centaurs
  3 elephant skeletons (Lair:5)
  2 phantoms (D:5)
  8 kobold brigands
  A gnoll sergeant (D:7)
  12 bullfrogs
  2 earth elementals
  A water moccasin zombie (D:5)
  3 cane toad simulacra
  A scorpion (D:5)
  6 wights
  Dowan (D:3)
  13 killer bees
  An elephant simulacrum (Lair:5)
  4 howler monkeys
  2 electric eels
  3 bombardier beetles
  A lava snake (Elf:1)
  16 orc priests
  2 jellies
  4 hounds
  9 iguanas
  3 sleepcaps
  2 gnoll boudas
  A scorpion zombie (D:5)
  21 orc wizards
  A polar bear simulacrum (IceCv)
  2 killer bee zombies (D:5)
  A hound zombie (D:5)
  Robin (D:4)
  A howler monkey zombie (D:5)
  15 gnolls
  9 adders
  A shadow imp (D:8)
  A white imp (D:4)
  3 ribbon worms
  4 dart slugs
  68 orcs
  10 endoplasms
  3 giant cockroaches
  18 goblins
  12 hobgoblins
  6 jackals
  3 quokkas
  7 ball pythons
  7 bats
  3 frilled lizards
  17 kobolds
  7 rats
  An aspiring flesh (Zot:3)
  4 tentacles (Shoals:3)
1803 creatures vanquished.

Vanquished Creatures (collateral kills)
  A dread lich (Zot:5)
  2 orbs of fire (Zot:5)
  Josephina (Zot:1)
  2 Killer Klowns (Zot:5)
  A curse toe (Zot:2)
  2 golden dragons
  A caustic shrike (Depths:4)
  An electric golem (Zot:5)
  3 tentacled monstrosities
  7 Orb Guardians (Zot:5)
  Jorgrun (Snake:3)
  A quicksilver dragon (Zot:1)
  9 acid blobs
  3 storm dragons
  A death cob (Zot:3)
  An eldritch tentacle (Slime:4)
  3 tengu reavers
  4 azure jellies
  The ghost of Torious the Devastator, an adept DECj of Sif Muna (Lair:3)
  A shadow dragon (Zot:1)
  2 daevas
  3 protean progenitors
  A rockslime (Slime:2)
  A vault warden (Vaults:4)
  3 draconian shifters
  A spriggan defender (Depths:3)
  A draconian stormcaller (Zot:3)
  A draconian annihilator (Depths:4)
  4 ironbound preservers
  5 quicksilver oozes
  3 formless jellyfish (Slime:2)
  3 ironbound thunderhulks (Vaults:4)
  A very ugly thing (Depths:1)
  2 green draconians
  A black draconian (Zot:4)
  A purple draconian (Depths:4)
  2 yellow draconians
  2 spark wasps (Depths:4)
  4 white draconians
  An ettin (Depths:4)
  2 yaktaur captains (Vaults:4)
  4 great orbs of eyes
  2 hydras
  An ironbound frostheart (Vaults:4)
  A centaur warrior (WizLab)
  A deep troll shaman (Depths:4)
  2 deep troll earth magi
  4 satyrs
  2 hell knights (Depths:3)
  A shock serpent (Snake:3)
  2 naga sharpshooters (WizLab)
  A deep elf knight (Elf:1)
  11 deep trolls
  4 glowing orange brains
  An ironbound convoker (Vaults:4)
  An orc knight (Vaults:3)
  A shadow dragon skeleton (Depths:2)
  A fire giant zombie (Depths:2)
  2 necromancers
  A faun (WizLab)
  6 ugly things
  A fire giant skeleton (Depths:2)
  A shining eye (Slime:5)
  10 moths of wrath
  An iron dragon skeleton (Depths:2)
  2 eyes of devastation
  5 vault sentinels
  A storm dragon simulacrum (Zot:1)
  7 yaktaurs
  2 merfolk (Shoals:2)
  A wind drake (Shoals:2)
  2 glass eyes
  A blink frog (Lair:4)
  41 slime creatures
  An air elemental (Elf:1)
  3 nameless horrors
  2 golden eyes
  2 nagas (Snake:3)
  2 moth of wrath simulacra (Zot:1)
  An orc priest (Abyss:2)
  An orc (Abyss:2)
  2 aspiring fleshes
228 creatures vanquished.

Vanquished Creatures (others)
  Nikola (Shoals:3)
  4 Orb Guardians (Zot:5)
  An acid blob (Slime:5)
  A deep elf blademaster (Elf:3)
  30 eldritch tentacles
  4 deep elf master archers (WizLab)
  2 death cobs
  A tengu reaver (Depths:3)
  A thorn hunter (WizLab)
  Ilsuiw (Shoals:3)
  2 fenstrider witches (WizLab)
  A fire giant (Depths:1)
  A rockslime (Slime:5)
  A nagaraja (Snake:4)
  A deep elf elementalist (Elf:3)
  2 deep elf sorcerers (Elf:3)
  An orc warlord (Orc:2)
  A vault warden (Vaults:1)
  An ironbound preserver (Vaults:2)
  An eleionoma (WizLab)
  A black draconian (Zot:5)
  5 deep elf death magi (Elf:3)
  A deep elf annihilator (Elf:3)
  3 dire elephants (Vaults:2)
  A yaktaur captain (Vaults:1)
  A shambling mangrove (WizLab)
  A great orb of eyes (Vaults:2)
  3 deep elf high priests (Elf:3)
  A merfolk impaler (Shoals:4)
  A merfolk avatar (Shoals:3)
  An ironbound frostheart (Vaults:2)
  A centaur warrior (WizLab)
  A deep troll shaman (Depths:3)
  A satyr (WizLab)
  An orc high priest (Orc:2)
  A naga sharpshooter (WizLab)
  A deep elf knight (Elf:3)
  2 iron trolls (Depths:3)
  3 deep trolls (Vaults:2)
  An orange crystal statue (Zot:5)
  3 ironbound convokers
  5 orc knights
  An oklob plant (WizLab)
  2 orc sorcerers (Orc:2)
  A faun (WizLab)
  An elephant (Lair:3)
  4 manticores (Shoals:3)
  5 merfolk sirens (Shoals:3)
  3 guardian serpents (Snake:4)
  A cane toad (shapeshifter) (Vaults:1)
  A vault sentinel (Vaults:2)
  An orange demon (Zot:2)
  2 yaktaurs
  3 merfolk
  3 hornets (WizLab)
  A glass eye (Depths:3)
  2 slime creatures
  A draconian simulacrum (Zot:1)
  A yak (Lair:3)
  A warg (Orc:2)
  A wraith (D:12)
  12 orc warriors (Orc:2)
  A centaur (D:11)
  A killer bee (D:9)
  4 orc priests (Orc:2)
  Ijyb (D:4)
  6 orc wizards (Orc:2)
  11 orcs
  36 snaplasher vines
  7 spectral weapons
  39 starspawn tentacles
  12 tentacles (Shoals:3)
262 creatures vanquished.

Grand Total: 2293 creatures vanquished

Notes
Turn   | Place    | Note
-------+----------+-------------------------------------------
     0 | D:1      | Sergey the Naga Gladiator began the quest for the Orb.
     0 | D:1      | Reached XP level 1. HP: 19/19 MP: 1/1
    17 | D:1      | Reached skill level 1 in Stealth
   492 | D:1      | Reached XP level 2. HP: 26/26 MP: 2/2
   738 | D:1      | Reached XP level 3. HP: 28/32 MP: 3/3
  1239 | D:1      | Reached skill level 5 in Stealth
  1571 | D:2      | Reached XP level 4. HP: 35/39 MP: 4/4
  1590 | D:2      | Learned a level 3 spell: Frozen Ramparts
  1787 | D:2      | Reached skill level 1 in Ice Magic
  2297 | D:2      | Found Lotaep's Weapon Boutique.
  2302 | D:2      | Bought 2 boomerangs for 48 gold pieces
  2924 | D:2      | Found Lotaep's Weapon Boutique.
  3031 | D:2      | Reached XP level 5. HP: 37/45 MP: 4/6
  3173 | D:3      | Reached skill level 1 in Spellcasting
  3978 | D:3      | Found a faded altar of an unknown god.
  3985 | D:3      | Reached XP level 6. HP: 52/52 MP: 3/7
  4856 | D:3      | Became a worshipper of Beogh the Shepherd
  5170 | D:4      | Noticed Ijyb
  5220 | D:5      | Entered Level 5 of the Dungeon
  5228 | D:4      | Noticed Duvessa
  5260 | D:5      | Noticed a black bear
  5636 | D:5      | Reached XP level 7. HP: 62/62 MP: 8/8
  5823 | D:5      | Found a staircase to the Ecumenical Temple.
  5849 | D:5      | Learned a level 2 spell: Ensorcelled Hibernation
  5853 | D:5      | Learned a level 3 spell: Passwall
  6161 | D:5      | Reached skill level 1 in Earth Magic
  6734 | D:5      | Reached skill level 1 in Hexes
  6936 | D:5      | Reached XP level 8. HP: 45/72 MP: 8/10
  7166 | D:5      | Found a basalt altar of Yredelemnul.
  7555 | D:6      | Reached skill level 5 in Fighting
  7972 | D:6      | Reached skill level 5 in Short Blades
  8214 | D:6      | Reached * piety under Beogh
  8231 | D:6      | Reached XP level 9. HP: 50/82 MP: 5/12
  9383 | D:6      | Found a shimmering blue altar of Sif Muna.
  9502 | D:7      | Reached skill level 10 in Stealth
 10038 | D:7      | Reached skill level 5 in Ice Magic
 10084 | D:7      | Found Ogoavvikh's General Store.
 10092 | D:7      | Bought a scroll of immolation for 60 gold pieces
 10136 | D:7      | Reached ** piety under Beogh
 10683 | D:7      | Learned a level 2 spell: Blink
 10695 | D:7      | Found a runed translucent door.
 10696 | D:7      | Noticed Crazy Yiuf
 11121 | D:4      | Noticed Robin
 11318 | D:4      | Killed Ijyb
 11739 | D:4      | Noticed Dowan
 11877 | D:4      | Reached skill level 5 in Hexes
 12036 | D:4      | Reached skill level 1 in Invocations
 12129 | D:4      | Reached XP level 10. HP: 85/89 MP: 13/13
 12213 | D:4      | Killed Robin
 13497 | D:3      | Killed Duvessa
 13761 | D:7      | Learned a level 1 spell: Apportation
 14080 | D:8      | Found a snail-covered altar of Cheibriados.
 14095 | D:8      | Found a shadowy altar of Dithmenos.
 14144 | D:8      | Noticed Psyche
 14144 | Abyss:2  | Cast into level 2 of the Abyss (Psyche)
 14145 | Abyss:2  | Found a corrupted altar of Lugonu.
 14154 | Abyss:2  | Fell from the grace of Beogh
 14154 | Abyss:2  | Became a worshipper of Lugonu the Unformed
 14154 | Abyss:2  | Reached * piety under Lugonu
 14154 | Abyss:2  | Reached ** piety under Lugonu
 14155 | D:8      | Escaped the Abyss
 14159 | D:8      | Killed Psyche
 14160 | D:8      | Reached skill level 5 in Invocations
 14456 | D:8      | Found a blossoming altar of Fedhas.
 14465 | D:8      | Banished a short sword of electrocution
 14467 | D:8      | Noticed an oklob plant
 14649 | D:8      | Banished an orc warlord
 14649 | D:8      | Banished an orc sorcerer
 14676 | D:8      | Banished a flail of electrocution
 14677 | D:8      | Noticed a +1 long sword of electrocution
 14794 | D:9      | Noticed a two-headed ogre
 14952 | D:9      | Noticed a two-headed ogre
 14982 | D:9      | Killed a two-headed ogre
 15054 | D:9      | Banished Argrim the orc knight
 15074 | D:9      | Reached skill level 1 in Evocations
 15249 | D:9      | Found a glowing golden altar of the Shining One.
 15484 | D:9      | Banished a two-headed ogre
 15485 | D:9      | Reached XP level 11. HP: 103/103 MP: 6/16
 15632 | D:10     | Entered Level 10 of the Dungeon
 15691 | D:10     | Reached skill level 5 in Evocations
 15765 | D:10     | Banished Orbeogh the orc high priest
 15765 | D:10     | Banished an orc sorcerer
 15894 | D:10     | Noticed Lodul
 15896 | D:10     | Banished Lodul
 16252 | D:10     | Found a bloodstained altar of Trog.
 16291 | D:10     | Found a staircase to the Lair.
 17003 | D:10     | Found a staircase to the Orcish Mines.
 17376 | D:11     | Noticed a manticore
 17405 | D:11     | Banished Spirok the orc warlord
 17467 | D:11     | Killed a manticore
 17468 | D:11     | Reached skill level 1 in Armour
 17630 | D:11     | Banished an orc warlord
 17630 | D:11     | Banished an orc sorcerer
 17632 | D:11     | Noticed an orc sorcerer
 17755 | Lair:1   | Entered Level 1 of the Lair of Beasts
 17755 | Lair:1   | Noticed an oklob plant
 17802 | Lair:1   | Banished an oklob plant
 18554 | Lair:1   | Reached XP level 12. HP: 110/110 MP: 17/17
 18623 | Lair:1   | Reached skill level 10 in Evocations
 18971 | Lair:1   | Banished an orc high priest
 19166 | Lair:1   | Reached skill level 5 in Spellcasting
 19193 | Lair:1   | Noticed an orc high priest
 19227 | Lair:1   | Killed an orc high priest
 20224 | Lair:2   | Reached *** piety under Lugonu
 20293 | Lair:2   | Found a staircase to the Snake Pit.
 20500 | Lair:2   | Reached skill level 5 in Armour
 20789 | Lair:2   | Found a staircase to the Shoals.
 20853 | Lair:2   | Banished an orc warlord
 21185 | Lair:2   | Banished an orc warlord
 21197 | Lair:1   | Gained mutation: You can use your snake-like lower body to
                  | constrict enemies. [Naga growth]
 21197 | Lair:1   | Reached XP level 13. HP: 37/117 MP: 9/22
 21562 | Lair:2   | Found a hazy altar of Hepliaklqana.
 22123 | Lair:3   | Found a runed translucent gate.
 22123 | Lair:3   | Found a runed translucent gate.
 22123 | Lair:3   | Found a runed translucent gate.
 22329 | Lair:2   | Banished an orc warlord
 22494 | Lair:3   | Noticed Torious's ghost (adept DECj)
 22553 | Lair:3   | Reached skill level 10 in Invocations
 23287 | Lair:2   | Banished an orc warlord
 23287 | Lair:2   | Was forgiven by Beogh
 24050 | Lair:3   | Noticed Nessos
 24051 | Lair:3   | Banished Nessos
 25136 | Lair:4   | Found a staircase to the Slime Pits.
 25136 | Lair:4   | Found a viscous altar of Jiyva.
 25719 | Lair:4   | Identified the scarf of the Bursted God {harm, rF+ rCorr
                  | Dex-3}
 26656 | Lair:5   | Entered Level 5 of the Lair of Beasts
 26660 | Lair:5   | Reached XP level 14. HP: 126/126 MP: 23/23
 26761 | Lair:5   | Reached skill level 1 in Shapeshifting
 27675 | Lair:5   | Noticed a dire elephant
 27675 | Lair:5   | Noticed a dire elephant
 28776 | D:11     | Found Vayrr's One-of-a-Kind Rings.
 28781 | D:11     | Bought the ring "Birydi Rotu" {rC+ rCorr EV+5} for 778 gold
                  | pieces
 28898 | D:11     | Reached **** piety under Lugonu
 29131 | D:11     | Reached skill level 1 in Translocations
 29436 | D:12     | Found a frozen archway.
 29481 | IceCv    | Entered an ice cave
 29596 | IceCv    | Found a transporter.
 29603 | IceCv    | Identified the +2 long sword of Gopnef Mauq {drain, rElec
                  | rPois MP-9 SInv}
 29606 | IceCv    | Found a transporter.
 29873 | D:12     | Reached skill level 10 in Fighting
 29903 | D:12     | Identified a scroll of acquirement
 29903 | D:12     | Acquired 459 gold pieces
 30123 | D:12     | Reached skill level 5 in Shapeshifting
 30139 | D:12     | You fall into a shaft and drop 1 floor!
 30658 | Orc:1    | Entered Level 1 of the Orcish Mines
 30821 | Orc:1    | Found Vessor's Firing Range.
 30826 | Orc:1    | Bought a throwing net for 42 gold pieces
 31258 | Orc:2    | Entered Level 2 of the Orcish Mines
 31686 | Orc:2    | Found a staircase to the Elven Halls.
 31988 | Orc:2    | Noticed an orc warlord
 32194 | Orc:1    | Found a transporter.
 32201 | Orc:1    | Found a transporter.
 32271 | Orc:2    | Corrupted Orc:2
 32271 | Orc:2    | Noticed a tentacled starspawn
 32271 | Orc:2    | Found Luogi Esyc's Book Emporium.
 32272 | Orc:2    | Noticed a red very ugly thing
 32277 | Orc:2    | Noticed a deep elf demonologist
 32284 | Orc:2    | Killed an orc warlord
 32621 | Orc:2    | Found a roughly hewn altar of Beogh.
 32630 | Orc:2    | Found Omoghumiof's Antique Armour Emporium.
 32634 | Orc:2    | Found Ereani's General Store.
 32645 | Orc:2    | Found Ziyl's Antique Weapon Emporium.
 32873 | Orc:2    | Bought an ichor-stained leather armour for 161 gold pieces
 32873 | Orc:2    | Identified the +3 leather armour "Hynn" {*Corrode rF+ Str+5
                  | Int+3} (You bought it in a shop on level 2 of the Orcish
                  | Mines)
 32873 | Orc:2    | Bought a runed scarf for 184 gold pieces
 32899 | Orc:2    | Bought a potion of resistance for 100 gold pieces
 32899 | Orc:2    | Bought a scroll of enchant weapon for 75 gold pieces
 32899 | Orc:2    | Bought a scroll of identify for 20 gold pieces
 34131 | D:13     | Reached XP level 15. HP: 138/138 MP: 24/24
 34407 | D:13     | Found a gate to the Vaults.
 34996 | D:14     | Noticed Kirke
 36264 | D:14     | Reached skill level 10 in Shapeshifting
 37495 | D:15     | Entered Level 15 of the Dungeon
 37669 | Snake:1  | Entered Level 1 of the Snake Pit
 37682 | Snake:1  | Reached skill level 5 in Dodging
 38076 | Snake:1  | Found Ziustaukk's Jewellery Shop.
 38076 | Snake:1  | Found Xextur's Jewellery Boutique.
 38139 | Snake:1  | Bought the amulet "Hesougimm" {Reflect rElec Dex-3 SH+5
                  | Stlth+} for 567 gold pieces
 38470 | Snake:1  | Identified the +2 chain mail of Negation {Harm *Corrode
                  | +Inv Int+4}
 38660 | Snake:2  | Acquired a +0 barding of fire resistance
 38684 | Snake:2  | Identified the ring "Foaxunt" {+Blink MP+9 Dex+6}
 39160 | Snake:2  | Found a broken altar of Ashenzari.
 39160 | Snake:2  | You fall into a shaft and drop 1 floor!
 40065 | Snake:3  | Noticed Mara
 40084 | Snake:3  | Killed Mara
 40085 | Snake:3  | Reached XP level 16. HP: 103/146 MP: 25/25
 40087 | Snake:3  | Noticed a nagaraja
 40092 | Snake:3  | Noticed Bai Suzhen
 40099 | Snake:3  | Noticed Jorgrun
 40108 | Snake:3  | Killed Jorgrun
 40353 | Snake:3  | Killed a nagaraja
 40662 | Snake:3  | Reached skill level 1 in Unarmed Combat
 40706 | Snake:3  | Banished Bai Suzhen
 40707 | Snake:3  | Reached skill level 2 in Unarmed Combat
 41315 | Snake:3  | Reached skill level 3 in Unarmed Combat
 41705 | Snake:3  | Reached skill level 4 in Unarmed Combat
 41930 | Snake:4  | Entered Level 4 of the Snake Pit
 42541 | Snake:4  | Noticed a nagaraja
 42717 | Snake:4  | Killed a nagaraja
 42906 | Snake:4  | Reached ***** piety under Lugonu
 43207 | Snake:4  | Noticed a nagaraja
 43268 | Snake:4  | Killed a nagaraja
 44200 | Snake:4  | Reached XP level 17. HP: 96/153 MP: 26/26
 44336 | Snake:4  | Corrupted Snake:4
 45053 | Snake:4  | Acquired 394 gold pieces
 45061 | Snake:4  | Reached skill level 15 in Shapeshifting
 45437 | Snake:4  | Found an iron altar of Okawaru.
 45451 | Snake:4  | Got a serpentine rune of Zot
 45658 | Snake:1  | Bought the ring "Nalysa" {rF+ rC+ rCorr Slay+3} for 750
                  | gold pieces
 45790 | Shoals:1 | Entered Level 1 of the Shoals
 46011 | Shoals:1 | Found a large runed translucent door.
 46012 | Shoals:1 | Found a large runed translucent door.
 46585 | Shoals:1 | Noticed Jullin's ghost (adept MiBe)
 46614 | Shoals:2 | Reached skill level 5 in Unarmed Combat
 46855 | Shoals:2 | Reached skill level 6 in Unarmed Combat
 47029 | Shoals:2 | Reached skill level 7 in Unarmed Combat
 48095 | Shoals:3 | Reached skill level 8 in Unarmed Combat
 48106 | Shoals:3 | Found Ynwummaras's General Store.
 48122 | Shoals:3 | Bought a potion of invisibility for 136 gold pieces
 48130 | Shoals:3 | Noticed Ilsuiw
 48143 | Shoals:3 | Corrupted Shoals:3
 48143 | Shoals:3 | Noticed a tentacled starspawn
 48149 | Shoals:3 | Noticed a lich
 48171 | Shoals:3 | Killed Ilsuiw
 48218 | Shoals:3 | Killed Nikola
 48253 | Shoals:3 | Noticed a tentacled starspawn
 48281 | Shoals:3 | Noticed a kraken
 48933 | Shoals:3 | Reached skill level 9 in Unarmed Combat
 49046 | Shoals:4 | Entered Level 4 of the Shoals
 49587 | D:15     | Reached skill level 10 in Unarmed Combat
 49661 | D:15     | Reached XP level 18. HP: 126/162 MP: 27/27
 49795 | D:15     | Found a broken altar of Ashenzari.
 50363 | D:15     | Found a staircase to the Depths.
 51077 | Lair:3   | Identified the +5 war axe "Jojuid" {vamp, Fly rF+}
 51493 | Shoals:4 | Reached skill level 11 in Unarmed Combat
 51701 | Shoals:4 | Found a glowing golden altar of the Shining One.
 52131 | Shoals:3 | Found Ynwummaras's General Store.
 52753 | Shoals:4 | Found a white marble altar of Elyvilon.
 52977 | Shoals:3 | Reached skill level 12 in Unarmed Combat
 53261 | Shoals:4 | Identified the +6 rapier "Zoivaf" {drain, *Slow rPois
                  | Str+3}
 53308 | Shoals:4 | Identified the +7 hand axe of the Ass {freeze, rPois Will++
                  | Str-5 Dex+3}
 53315 | Shoals:4 | Found a glowing silver altar of Zin.
 53523 | Shoals:4 | Got a barnacled rune of Zot
 53525 | Shoals:4 | Identified the +6 mace of Liuciloc {venom, rF+ Int+4 Dex-4}
 53622 | Shoals:4 | Reached skill level 13 in Unarmed Combat
 53922 | Lair:5   | Reached skill level 1 in Shields
 54024 | Lair:5   | Identified the +6 war axe of Ownuh {venom, +Blink rCorr
                  | Stlth+}
 54535 | Elf:1    | Entered Level 1 of the Elven Halls
 54545 | Elf:1    | Reached XP level 19. HP: 175/175 MP: 28/28
 54698 | Elf:1    | Got Cerebov's Cyclopedia of Soot
 54770 | Elf:1    | Reached skill level 5 in Translocations
 54810 | Elf:1    | You fall into a shaft and drop 1 floor!
 54989 | Elf:2    | Found a huge runed translucent gate.
 54989 | Elf:2    | Found a huge runed translucent gate.
 54989 | Elf:2    | Found a huge runed translucent gate.
 54990 | Elf:2    | Found a huge runed translucent gate.
 54993 | Elf:2    | Found a huge runed translucent gate.
 55023 | Elf:2    | Reached skill level 14 in Unarmed Combat
 55110 | Elf:2    | Reached skill level 5 in Shields
 55560 | Elf:1    | Reached ****** piety under Lugonu
 55636 | Elf:1    | Got Nisau's Omnibus of Cold
 55663 | Elf:1    | Identified the +3 pearl dragon scales of the Slightly Bent
                  | {rN+ Will- Str+5}
 55666 | Elf:1    | Found Xoinol's Assorted Antiques.
 55676 | Elf:1    | Found Xunnumo's Antique Armour Emporium.
 55686 | Elf:1    | Bought a shiny helmet for 247 gold pieces
 55689 | Elf:1    | Found Fosudepn's Assorted Antiques.
 55695 | Elf:1    | Bought a potion of heal wounds for 185 gold pieces
 55695 | Elf:1    | Bought a glowing inky potion for 33 gold pieces
 55811 | Elf:1    | Paralysed by an air elemental for 1 turns
 55992 | Elf:1    | Paralysed by an air elemental for 1 turns
 56009 | Elf:1    | Got the Parchment of Fever
 56020 | Elf:1    | Got Sif Muna's Cyclopedia of Firn
 56027 | Elf:1    | Got the Atlas of Aeromancy
 56263 | Elf:1    | Found a huge runed translucent gate.
 56263 | Elf:1    | Found a huge runed translucent gate.
 56263 | Elf:1    | Found a huge runed translucent gate.
 56263 | Elf:1    | Found a huge runed translucent gate.
 56265 | Elf:1    | Found a huge runed translucent gate.
 56266 | Elf:1    | Found a huge runed translucent gate.
 56266 | Elf:1    | Found a huge runed translucent gate.
 56266 | Elf:1    | Found a huge runed translucent gate.
 56266 | Elf:1    | Found a huge runed translucent gate.
 56267 | Elf:1    | Found a huge runed translucent gate.
 56267 | Elf:1    | Found a huge runed translucent gate.
 56267 | Elf:1    | Found a huge runed translucent gate.
 56267 | Elf:1    | Found a huge runed translucent gate.
 56267 | Elf:1    | Found a huge runed translucent gate.
 56267 | Elf:1    | Found a huge runed translucent gate.
 56267 | Elf:1    | Found a huge runed translucent gate.
 56267 | Elf:1    | Found a huge runed translucent gate.
 56268 | Elf:1    | Found a huge runed translucent gate.
 56268 | Elf:1    | Found a huge runed translucent gate.
 56268 | Elf:1    | Found a huge runed translucent gate.
 56286 | Elf:1    | Found Ylu Jyco's General Store.
 56335 | Elf:1    | Found Qigupeth's Antique Armour Boutique.
 56575 | Elf:1    | Got the Papyrus of Toxicology
 56997 | Elf:3    | Entered Level 3 of the Elven Halls
 57007 | Elf:3    | Found Qatzad's Assorted Antiques.
 57048 | Elf:2    | Found a radiant altar of Vehumet.
 57066 | Elf:3    | Found Fotuf's Assorted Antiques.
 57101 | Elf:3    | Found Rouseyrph's Magic Scroll Shop.
 57109 | Elf:3    | Bought a scroll of revelation for 135 gold pieces
 57109 | Elf:3    | Bought a scroll of teleportation for 54 gold pieces
 57109 | Elf:3    | Bought a scroll of fear for 72 gold pieces
 57109 | Elf:3    | Bought a scroll of silence for 171 gold pieces
 57153 | Elf:3    | Found Gisuan's General Store.
 57186 | Elf:3    | Reached skill level 15 in Unarmed Combat
 57282 | Elf:3    | Found Tishrotz's Antique Armour Boutique.
 57382 | Elf:3    | Found the +4 robe of Folly {Brill Will-โˆž Int+8}
 57459 | Elf:3    | Reached XP level 20. HP: 183/183 MP: 29/29
 57475 | Elf:3    | Identified the +0 flail of Ignis, Sharing {flame, +Blink
                  | rF+ Int+3 Dex+3}
 57760 | Elf:3    | Corrupted Elf:3
 58234 | Elf:3    | Identified the +5 eveningstar of Boab Poxe {venom, SInv}
 58234 | Elf:3    | Identified the ring "Izeoc" {rPois rF+ rN++ Int+3}
 58499 | Elf:3    | Identified the +4 chain mail of the Wilderness {rN+ SInv}
 58640 | Elf:3    | Got the Enchiridion on the Birds and Battling
 58712 | Elf:3    | Identified the staff of Descent {rCorr Conj Tloc}
 58721 | Elf:3    | Identified the amulet "Kusin" {Harm rPois Regen+ Str+8}
 58726 | Elf:3    | Identified the +1 robe of the Hills {Fly Stlth+}
 58762 | Elf:3    | Learned a level 5 spell: Summon Forest
 59102 | Snake:1  | Bought a ring of willpower for 350 gold pieces
 59314 | D:14     | Killed Kirke
 59407 | Vaults:1 | Entered Level 1 of the Vaults
 59598 | Vaults:1 | Reached skill level 1 in Summonings
 59969 | Vaults:1 | Reached skill level 10 in Translocations
 60097 | Vaults:1 | Noticed Saint Roka
 60098 | Vaults:1 | Corrupted Vaults:1
 60120 | Vaults:1 | Killed Saint Roka
 60176 | Vaults:1 | Found a white marble altar of Elyvilon.
 60399 | Vaults:1 | Found Udghan's Weapon Boutique.
 60709 | Vaults:1 | Found Conkiuhe's General Store.
 60978 | Vaults:2 | Corrupted Vaults:2
 60981 | Vaults:2 | Noticed a bone dragon
 61066 | Vaults:2 | Reached skill level 5 in Summonings
 61146 | Vaults:2 | Found a magical portal.
 61155 | WizLab   | Entered Eringya's Formal Garden
 61308 | WizLab   | Reached skill level 10 in Shields
 61624 | WizLab   | Corrupted WizLab
 61624 | WizLab   | Found a blossoming altar of Fedhas.
 61627 | WizLab   | Noticed a bone dragon
 62105 | Vaults:2 | Found a staircase to the Crypt.
 62105 | Vaults:2 | Found an ancient bone altar of Kikubaaqudgha.
 62106 | Vaults:2 | Found a basalt altar of Yredelemnul.
 63027 | Vaults:3 | Reached XP level 21. HP: 190/190 MP: 30/30
 63162 | Vaults:3 | Found a flickering gateway to a bazaar.
 63176 | Bazaar   | Entered a bazaar
 63179 | Bazaar   | Found Ubosabb's Antique Weapon Shop.
 63209 | Bazaar   | Found Kopt's Armour Boutique.
 63243 | Bazaar   | Found Rigalill's Book Shop.
 63243 | Bazaar   | Found Paunwism's Armour Boutique.
 63418 | Vaults:3 | Reached skill level 10 in Summonings
 64110 | Vaults:3 | Learned a level 6 spell: Summon Cactus Giant
 65052 | Vaults:4 | Paralysed by a sphinx for 5 turns
 65256 | Vaults:4 | Identified the +11 scimitar of Xaucher {heavy, rElec}
 65267 | Vaults:4 | Reached skill level 10 in Dodging
 65267 | Vaults:4 | Reached XP level 22. HP: 126/198 MP: 11/31
 65393 | Vaults:4 | Paralysed by a sphinx for 4 turns
 65477 | Vaults:4 | Identified a +6 dagger of distortion {!w} (a +4 dagger of
                  | distortion {!w} corrupted by Lugonu)
 65477 | Vaults:4 | Received a gift from Lugonu
 66260 | Depths:1 | Entered Level 1 of the Depths
 66484 | Depths:1 | Found a one-way gate to the infinite horrors of the Abyss.
 66603 | Depths:1 | Learned a level 7 spell: Malign Gateway
 66882 | Depths:1 | Found a burning altar of Makhleb.
 67523 | Depths:1 | Found a burning altar of Makhleb.
 67770 | Depths:1 | Noticed a golden dragon
 67836 | Depths:1 | Identified the +8 flail of Pride {freeze, ^Drain rPois
                  | Int+2 Dex+5}
 67871 | Depths:1 | Killed a golden dragon
 68189 | Depths:1 | Found a gateway to Hell.
 68367 | Depths:1 | Identified the +7 mace of Fortitude {protect, ^Drain rF+++
                  | Str+4 Int-3}
 68886 | Depths:2 | Found a white marble altar of Elyvilon.
 68953 | Depths:2 | Noticed Pohotif's ghost (adept MiFi)
 68988 | Depths:2 | Found a runed translucent gate.
 68988 | Depths:2 | Found a runed translucent gate.
 68988 | Depths:2 | Found a runed translucent gate.
 69281 | Depths:2 | Noticed a caustic shrike
 69285 | Depths:2 | Banished a caustic shrike
 69385 | Depths:2 | Noticed a juggernaut
 69480 | Depths:2 | Reached XP level 23. HP: 205/205 MP: 23/33
 69573 | Depths:2 | Killed a juggernaut
 69624 | Depths:2 | Got Gauwynea's Tome of Incinerated Invitation
 69965 | Depths:3 | Noticed the Enchantress
 69968 | Depths:3 | Killed the Enchantress
 70164 | Depths:3 | Noticed Margery
 70180 | Depths:3 | Killed Margery
 70307 | Depths:3 | Reached skill level 15 in Summonings
 70560 | Depths:3 | Identified the staff of the Cursing Gods {*Corrode rElec
                  | rPois Dex-2 SInv Alchemy}
 70561 | Depths:3 | Noticed a juggernaut
 70577 | Depths:3 | Killed a juggernaut
 70670 | Depths:3 | Found the +3 robe of Clouds {*Thunder rCloud rElec}
 70683 | Depths:3 | Got Sif Muna's Tractate on Glamourous Mortality
 70883 | Depths:4 | Entered Level 4 of the Depths
 70998 | Depths:3 | Noticed Vv
 71081 | Depths:3 | Corrupted Depths:3
 71975 | Depths:4 | Found a one-way gateway to a ziggurat.
 72133 | Depths:4 | Noticed a golden dragon
 72143 | Depths:4 | Killed a golden dragon
 72208 | Depths:4 | Identified the +9 scimitar "Ariliyj" {freeze, Will+}
 72216 | Depths:4 | Found an opulent altar of Gozag.
 72296 | Depths:4 | Noticed a juggernaut
 72317 | Depths:4 | Killed a juggernaut
 72384 | Depths:4 | Identified the ring of the Hundredfold Demons {rPois rF++
                  | Str+4 SInv}
 72390 | Depths:4 | Identified the +3 scale mail "Vupsicao" {Int+2 SInv}
 72511 | Depths:4 | Escaped the Abyss
 72638 | Depths:4 | Reached XP level 24. HP: 213/213 MP: 36/36
 72699 | Depths:4 | Noticed a caustic shrike
 72702 | Depths:4 | Noticed a caustic shrike
 72705 | Depths:4 | Killed a caustic shrike
 72752 | Depths:4 | Noticed a caustic shrike
 72757 | Depths:4 | Killed a caustic shrike
 72760 | Depths:4 | Killed a caustic shrike
 72762 | Depths:4 | Noticed a caustic shrike
 72816 | Depths:4 | Killed a caustic shrike
 72934 | Depths:4 | Reached skill level 10 in Spellcasting
 72957 | Depths:4 | Found a gate to the Realm of Zot.
 73070 | Depths:4 | Reached skill level 15 in Translocations
 73805 | Orc:2    | Bought a book of Battle for 390 gold pieces
 73810 | Orc:2    | Learned a level 4 spell: Manifold Assault
 73890 | Elf:1    | Bought a potion of mutation for 184 gold pieces
 73890 | Elf:1    | Bought a potion of heal wounds for 115 gold pieces
 73890 | Elf:1    | Bought a scroll of fog for 92 gold pieces
 73890 | Elf:1    | Bought a potion of curing for 69 gold pieces
 73965 | Elf:3    | Bought a wand of quicksilver (6) for 453 gold pieces
 73965 | Elf:3    | Bought a potion of cancellation for 144 gold pieces
 73965 | Elf:3    | Bought a potion of curing for 54 gold pieces
 73965 | Elf:3    | Bought a potion of curing for 54 gold pieces
 73993 | Elf:3    | Bought a potion of might for 96 gold pieces
 74276 | Lair:3   | Killed Torious's ghost
 74404 | Slime:1  | Entered Level 1 of the Pits of Slime
 74413 | Slime:1  | Gained mutation: You are clumsy. (Dex -2) [a shining eye]
 74457 | Slime:2  | Gained mutation: Your spells are a little harder to cast,
                  | but a little more powerful. [a shining eye]
 74459 | Slime:2  | Gained mutation: You occasionally lose the ability to drink
                  | potions when taking damage. [a shining eye]
 74460 | Slime:2  | Gained mutation: You are very clumsy. (Dex -4) [a shining
                  | eye]
 74495 | Slime:2  | Lost mutation: You are very clumsy. (Dex -4) [potion of
                  | mutation]
 74495 | Slime:2  | Lost mutation: You are clumsy. (Dex -2) [potion of
                  | mutation]
 74495 | Slime:2  | Lost mutation: Your spells are a little harder to cast, but
                  | a little more powerful. [potion of mutation]
 74495 | Slime:2  | Gained mutation: You are partially covered in iridescent
                  | scales. (AC +2) [potion of mutation]
 74495 | Slime:2  | Gained mutation: Your tail ends in a venomous barb. [potion
                  | of mutation]
 74496 | Slime:2  | Lost mutation: Your tail ends in a venomous barb. [potion
                  | of mutation]
 74496 | Slime:2  | Lost mutation: You are partially covered in iridescent
                  | scales. (AC +2) [potion of mutation]
 74496 | Slime:2  | Gained mutation: You are robust. (+10% HP) [potion of
                  | mutation]
 74496 | Slime:2  | Gained mutation: Your magical capacity is low. (-10% MP)
                  | [potion of mutation]
 74497 | Slime:2  | Lost mutation: Your magical capacity is low. (-10% MP)
                  | [potion of mutation]
 74497 | Slime:2  | Lost mutation: You occasionally lose the ability to drink
                  | potions when taking damage. [potion of mutation]
 74497 | Slime:2  | Gained mutation: Your movements are slightly less
                  | encumbered by armour. (ER -2) [potion of mutation]
 74497 | Slime:2  | Gained mutation: You have hidden genetic defects. [potion
                  | of mutation]
 74497 | Slime:2  | Gained mutation: You are partially covered in iridescent
                  | scales. (AC +2) [potion of mutation]
 74497 | Slime:2  | Gained mutation: You have a pair of small antennae on your
                  | head. [potion of mutation]
 74595 | Slime:4  | Gained mutation: You are dopey. (Int -2) [a shining eye]
 74703 | Slime:5  | Entered Level 5 of the Pits of Slime
 74717 | Slime:5  | Noticed Dissolution
 74720 | Slime:5  | Gained mutation: Your health recovers twice as slowly from
                  | being drained. [a shining eye]
 75317 | Slime:2  | Gained mutation: You sometimes lose your temper in combat.
                  | [a shining eye]
 75343 | Slime:2  | Lost mutation: Your health recovers twice as slowly from
                  | being drained. [potion of mutation]
 75343 | Slime:2  | Lost mutation: You sometimes lose your temper in combat.
                  | [potion of mutation]
 75343 | Slime:2  | Lost mutation: Your movements are slightly less encumbered
                  | by armour. (ER -2) [potion of mutation]
 75343 | Slime:2  | Gained mutation: You expend magic power (3 MP) to
                  | strengthen your wands. [potion of mutation]
 75343 | Slime:2  | Gained mutation: You possess an exceptional clarity of
                  | mind. [potion of mutation]
 75472 | Slime:2  | Gained mutation: You have terrible hidden genetic defects.
                  | [a shining eye]
 75477 | Slime:2  | Gained mutation: Your health recovers twice as slowly from
                  | being drained. [a shining eye]
 75766 | Slime:4  | Lost mutation: You possess an exceptional clarity of mind.
                  | [hidden defects]
 76112 | Slime:4  | Lost mutation: You are robust. (+10% HP) [a shining eye]
 76822 | Slime:5  | Killed Dissolution
 77142 | Slime:5  | Found the +7 lajatang of Order {silver, rMut}
 77145 | Slime:5  | Found a viscous altar of Jiyva.
 77384 | Slime:5  | Gained mutation: Your magical capacity is low. (-10% MP)
                  | [hidden defects]
 77384 | Slime:5  | Lost mutation: You have terrible hidden genetic defects.
                  | [hidden defects expressed]
 77423 | Slime:5  | Noticed the Royal Jelly
 78442 | Slime:5  | Corrupted Slime:5
 78473 | Slime:5  | Got a slimy rune of Zot
 78474 | Slime:5  | Identified the staff "Orb Guardian's Foe" {rElec Str+6
                  | Int-4 Fire Air}
 78475 | Slime:5  | Identified the staff of the Feather {rElec Int+3 Fire Air}
 78538 | Slime:5  | Identified the +1 long sword of the Wasteland {elec, Will+
                  | Str+2 Int+2 Dex-2}
 78813 | Zot:1    | Entered Level 1 of the Realm of Zot
 78970 | Zot:1    | Learned a level 7 spell: Summon Hydra
 79177 | Zot:2    | Reached XP level 25. HP: 215/215 MP: 33/33
 79482 | Zot:3    | Gained mutation: You are vulnerable to heat. (rF-) [hidden
                  | defects]
 79985 | Zot:3    | Reached skill level 16 in Unarmed Combat
 80600 | Zot:3    | Gained mutation: You occasionally shout uncontrollably at
                  | your foes. [hidden defects]
 80600 | Zot:3    | Lost mutation: You have hidden genetic defects. [hidden
                  | defects expressed]
 81337 | Zot:4    | Found a transporter.
 81338 | Zot:4    | Noticed Doacwiki's ghost (veteran MiMo)
 81339 | Zot:4    | Noticed an orb of fire
 81342 | Zot:4    | Noticed Bimouf's ghost (veteran DgGl)
 81376 | Zot:4    | Noticed Woimireu's ghost (veteran DsGl)
 81501 | Zot:4    | Reached skill level 17 in Unarmed Combat
 81988 | Zot:4    | Found a transporter.
 81994 | Zot:4    | Reached skill level 15 in Fighting
 82077 | Zot:4    | Noticed an orb of fire
 83007 | Zot:2    | Reached skill level 18 in Unarmed Combat
 83071 | Zot:2    | Identified the +3 morningstar "Undertaker" {spect, MP+9
                  | Str+4 Int-4}
 83777 | Zot:1    | Identified the ring "Uklet" {Ice rElec Will- rCorr Str+3}
 83777 | Zot:1    | Noticed Josephina
 83803 | Zot:1    | Killed Josephina
 84042 | Zot:1    | Reached XP level 26. HP: 149/238 MP: 17/33
 84539 | Zot:5    | Entered Level 5 of the Realm of Zot
 85249 | Zot:5    | Found the +5 glaive of the Guard {elec, spectral}
 85813 | Zot:5    | Noticed an ancient lich
 85821 | Zot:5    | Killed an ancient lich
 85947 | Zot:5    | Noticed an orb of fire
 85962 | Zot:5    | Gained mutation: You are clumsy. (Dex -2) [an orb of fire]
 85970 | Zot:5    | Killed an orb of fire
 85972 | Zot:5    | Noticed a Killer Klown
 85974 | Zot:5    | Killed a Killer Klown
 85996 | Zot:5    | Noticed an orb of fire
 85998 | Zot:5    | Gained mutation: You are very dopey. (Int -4) [an orb of
                  | fire]
 86004 | Zot:5    | Killed an orb of fire
 86188 | Zot:5    | Reached skill level 19 in Unarmed Combat
 86282 | Zot:5    | Corrupted Zot:5
 86299 | Zot:5    | Noticed an ancient lich
 86300 | Zot:5    | Noticed an orb of fire
 86306 | Zot:5    | Gained mutation: You are weak. (Str -2) [an orb of fire]
 86310 | Zot:5    | Killed an ancient lich
 86314 | Zot:5    | Gained mutation: You have hidden genetic defects. [an orb
                  | of fire]
 86322 | Zot:5    | Killed an orb of fire
 86356 | Zot:5    | Identified the +5 battleaxe "Rott" {drain, rElec rN+ Int+2}
 86359 | Zot:5    | Noticed a Killer Klown
 86388 | Zot:5    | Killed a Killer Klown
 86719 | Zot:5    | Noticed a Killer Klown
 86731 | Zot:5    | Killed a Killer Klown
 86732 | Zot:5    | Reached skill level 20 in Unarmed Combat
 86749 | Zot:5    | Gained mutation: You occasionally lose the ability to read
                  | scrolls when taking damage. [hidden defects]
 86750 | Zot:5    | Lost mutation: You expend magic power (3 MP) to strengthen
                  | your wands. [potion of mutation]
 86750 | Zot:5    | Lost mutation: You are very dopey. (Int -4) [potion of
                  | mutation]
 86750 | Zot:5    | Lost mutation: You occasionally lose the ability to read
                  | scrolls when taking damage. [potion of mutation]
 86750 | Zot:5    | Gained mutation: Your spells are a little harder to cast,
                  | but a little more powerful. [potion of mutation]
 86751 | Zot:5    | Lost mutation: Your magical capacity is low. (-10% MP)
                  | [potion of mutation]
 86751 | Zot:5    | Lost mutation: Your spells are a little harder to cast, but
                  | a little more powerful. [potion of mutation]
 86751 | Zot:5    | Lost mutation: You are weak. (Str -2) [potion of mutation]
 86751 | Zot:5    | Gained mutation: You sometimes lose your temper in combat.
                  | [potion of mutation]
 86751 | Zot:5    | Gained mutation: Your muscles are strong. (Str +4, Int/Dex
                  | -1) [potion of mutation]
 86752 | Zot:5    | Lost mutation: You are vulnerable to heat. (rF-) [potion of
                  | mutation]
 86752 | Zot:5    | Lost mutation: You occasionally shout uncontrollably at
                  | your foes. [potion of mutation]
 86752 | Zot:5    | Lost mutation: Your health recovers twice as slowly from
                  | being drained. [potion of mutation]
 86752 | Zot:5    | Gained mutation: Your spells are a little harder to cast,
                  | but a little more powerful. [potion of mutation]
 86753 | Zot:5    | Lost mutation: You sometimes lose your temper in combat.
                  | [potion of mutation]
 86753 | Zot:5    | Lost mutation: You are dopey. (Int -2) [potion of mutation]
 86753 | Zot:5    | Lost mutation: You have hidden genetic defects. [potion of
                  | mutation]
 86753 | Zot:5    | Gained mutation: You occasionally lose the ability to drink
                  | potions when taking damage. [potion of mutation]
 86753 | Zot:5    | Gained mutation: You can exhale a cloud of poison. [potion
                  | of mutation]
 86850 | Zot:5    | Noticed a dread lich
 86858 | Zot:5    | Killed a dread lich
 87163 | Zot:5    | Got the Orb of Zot
 87293 | Zot:1    | Noticed Peosous the pandemonium lord
 87694 | D:3      | Noticed Yrphet the pandemonium lord
 87706 | D:3      | Killed Yrphet the pandemonium lord
 87707 | D:3      | Killed Dowan
 87779 | D:$      | Escaped with the Orb!

Illustrated notes

Levels and vault maps discovered:
D:1:      scummos_arrival_hexagon, layout_basic, minmay_bisected
D:2:      layout_basic, serial_shops, nicolae_shop_just_a_little_nook,
          minivault_24
D:3:      layout_loops_ring, shapermc_ecumenical_altar_acropolis
D:4:      layout_rooms, uniq_duvessa, uniq_robin, uniq_ijyb
D:5:      layout_rooms, nicolae_yredelemnul_corpse_copse,
          minmay_temple_entry_poolview
D:6:      layout_cave_pods, lemuel_blue_sif_altar, minmay_diced_spiral
D:7:      layout_loops_ring, serial_shops, shop, st_stairs_6, centaur_isle,
          uniq_crazy_yiuf_cottage
D:8:      layout_basic, nicolae_overflow_squiral, tgw_fedhas,
          minmay_misc_feat_pillars, hangedman_decor_points, uniq_psyche
D:9:      layout_rooms, mainiacjoe_overflow_alcove_1
D:10:     layout_irregular_city, trog_antimagical, lair_entry_dummy, erik_orc_1,
          st_stairs_5, uniq_lodul
D:11:     layout_gridville, nicolae_shop_unique_rings,
          nicolae_straight_to_the_point
D:12:     layout_basic, portal_ice_cave_rime
D:13:     layout_loops_ring, skrybe_vaults_entry_preservation
D:14:     layout_basic, serial_undead, serial_undead_c, serial_undead_b,
          serial_undead_f, serial_undead_a, serial_undead_c, serial_undead_c,
          serial_undead_e, minmay_misc_feat_chi, uniq_kirke
D:15:     grunt_enter_depths_giant_problem, layout_rooms, ashenzari_altar_1
Lair:1:   layout_gridlike, st_stairs_3, dpeg_stationary_puzzle,
          grunt_megastairs_3
Lair:2:   layout_small_grid, nicolae_shoals_entry_roost,
          guppyfry_snake_entry_garden, lemuel_oklob_altar
Lair:3:   layout_regular_city, serial_rivers, chequers_serial_rivers_small_3,
          chequers_serial_rivers_micro_c, chequers_serial_rivers_small_b,
          chequers_serial_rivers_micro_b, chequers_serial_rivers_micro_b,
          gammafunk_ghost_hydra_chop, uniq_nessos
Lair:4:   layout_hall_layers, slime_entry_1, serial_bayou_shore_b,
          infiniplex_staircase_pool, serial_bayou_shore_b
Lair:5:   due_jungle_book, layout_big_grid
Shoals:1: layout_shoals, ebering_ghost_disaster_area
Shoals:2: layout_shoals
Shoals:3: layout_shoals, serial_shops, shop, nicolae_shoals_drake_roost,
          uniq_ilsuiw, uniq_nikola
Shoals:4: shoals_end_hellmonk_holy_island
Snake:1:  layout_rooms, minmay_shoptagon, nicolae_triple_integral
Snake:2:  layout_chambers, basic_altar, corexii_hall_statues_x, st_stairs_8,
          beargit_elvish_explorers
Snake:3:  layout_cave_town, uniq_mara, uniq_bai_suzhen, uniq_jorgrun
Snake:4:  grunt_snake_rune_serpentine_throne, layout_cave_town,
          serial_bayou_ford_a
Slime:1:  layout_caves
Slime:2:  layout_caves, nicolae_slime_getting_an_eyeful
Slime:3:  layout_caves
Slime:4:  cheibrodos_slime_lost_civilization_9, layout_caves,
          nicolae_slime_phagocytosis
Slime:5:  slime_pit_nicolae_amoeboid, uniq_dissolution
Orc:1:    emtedronai_trogs_sanctum, layout_diamond_mine,
          nicolae_shop_firing_range
Orc:2:    grunt_orc_cross, layout_caves
Elf:1:    nicolae_elf_arrival_no_cutting_in_line, layout_onion_city,
          serial_magic_research, hangedman_research_thermodynamics,
          hangedman_research_toxicology, hangedman_research_quantum,
          hangedman_research_pyrotechnics, serial_shops,
          nicolae_shop_tiny_real_fake_doors, shop, shop,
          nicolae_shop_back_alley_shop, nicolae_shop_dealshenge,
          hangedman_elf_represent, nicolae_elf_elemental_lessons
Elf:2:    elven_hall_of_blades_hangedman_alternative
          [nicolae_blade_entry_hurt_lockers], layout_loops_cross,
          dk_noncrumbling_2, lemuel_upstairs_altar
Elf:3:    minmay_elf_hall_not_hex, layout_loops_cross, serial_shops,
          nicolae_shop_overgrown_old_shop, nicolae_shop_tiny_waterfront, shop,
          shop, shop, chequers_hall_statues_y,
          amcnicky_mini_rare_corridor_liquid, kennysheep_underground_church
Vaults:1: nicolae_vaults_tetromino_Z_1, nicolae_vaults_cochlea,
          nicolae_vaults_closet_pinwheel_1, lemuel_angel_altar,
          nicolae_vaults_back_hallway, ontoclasm_vaults_decontamination,
          nicolae_vaults_little_squares_6, nicolae_vaults_swerve,
          nicolae_vaults_variable_pillar_hall, nicolae_vaults_six-pack,
          nicolae_vaults_trapezoid_layered, nicolae_vaults_loss_of_containment,
          vaults_dpeg_ring, nicolae_vaults_house_3, layout_vaults_ring,
          serial_shops, shop, shop, uniq_saint_roka
Vaults:2: mu_enter_wizlab_5, minmay_crypt_entry_necro_gods,
          nicolae_vaults_little_squares_2, nicolae_vaults_trapezoid_layered,
          ontoclasm_vaults_loading_screen, nicolae_vaults_sesquioval_fish,
          vaults_dpeg_encased_lava, ontoclasm_vaults_spin,
          layout_vaults_omnigrid
Vaults:3: v_misc_33, v_misc_25, v_misc_31, v_misc_23,
          nicolae_vaults_ninety_degrees, v_rooms_2,
          nicolae_vaults_little_squares_3, ontoclasm_vaults_shout,
          nicolae_vaults_tetromino_Z_2, ontoclasm_vaults_idyll,
          nicolae_vaults_house_2, vaults_mumra_minichess, vaults_room_fours,
          nicolae_vaults_little_squares_3, nicolae_vaults_tetromino_Z_2,
          nicolae_vaults_tetromino_Z_1, layout_vaults_omnicross, serial_shops,
          bzr_entry_water
Vaults:4: nicolae_vaults_cochlea, v_alt_pattern_6,
          nicolae_vaults_door_testing_chamber,
          nicolae_vaults_storage_room_glass, nicolae_vaults_network_star,
          ontoclasm_vaults_idyll, nicolae_vaults_storage_closets_1,
          v_alt_pattern_4, grunt_vaults_twisty, nicolae_vaults_weapon_check,
          nicolae_vaults_tetromino_Z_2, nicolae_vaults_double_plus_2,
          layout_vaults_omnibox
Depths:1: minmay_the_grid_triangle_9x9_rhombus_full
          [minmay_the_grid_triangle_9x9_flanged_cone,
          minmay_the_grid_triangle_9x9_stretched_checkered,
          minmay_the_grid_triangle_9x9_corrupted_corridor,
          minmay_the_grid_triangle_9x9_shrine,
          minmay_the_grid_triangle_9x9_sprig,
          minmay_the_grid_triangle_9x9_impossible_snake,
          minmay_the_grid_triangle_9x9_cache,
          minmay_the_grid_triangle_9x9_prize_schism], layout_cave_shapes,
          serial_rivers, chequers_serial_rivers_micro_d,
          chequers_serial_rivers_room_b, chequers_serial_rivers_micro_d,
          chequers_serial_rivers_room_b, chequers_serial_rivers_small_b,
          chequers_serial_rivers_room_b, pf_hell_entry_great_geh, abyss_entry,
          makhleb_altar_promises_db
Depths:2: minmay_stepped, layout_basic, gammafunk_ghost_icy,
          grunt_pan_entry_zigzag, hell_entry, elyvilon_altar_3
Depths:3: kennysheep_bubble_arena, layout_gridlike, abyss_entry,
          chequers_serial_rivers_micro_a, hell_entry, serial_bayou_shore_b,
          infiniplex_staircase_pool_1, uniq_margery, uniq_vv, uniq_enchantress
Depths:4: grunt_zot_entry_tricorne, layout_cave_pools, enter_ziggurat_c,
          grunt_gozag_breadcrumbs, pf_hell_entry_tar_spiral,
          lemuel_flame_loot_1, grunt_megastairs_2
Zot:1:    layout_cathedral_of_symmetry, uniq_josephina
Zot:2:    layout_basic
Zot:3:    nicolae_zot_stationary_front, layout_cathedral_of_symmetry,
          grunt_megastairs_5
Zot:4:    layout_cathedral_of_symmetry, nzn_ghost_randoct,
          hangedman_zot_decor_checkerboard
Zot:5:    layout_cellular_growth

Skill      XL: |  1  2  3  4  5  6  7  8  9 10 11 12 13 14 15 16 17 18 19 20 21 22 23 24 25 26 |
---------------+-------------------------------------------------------------------------------+-----
Stealth        | 3 4 5 6 8 10 11 12 | 12.0
Ice Magic      | 2 3 4 6 |  6.0
Spellcasting   | 1 2 6 9 10 12 | 12.0
Short Blades   | 4 5 6 |  6.0
Fighting       | 3 4 6 8 10 12 15 | 15.0
Earth Magic    | 2 |  2.0
Hexes          | 1 2 5 |  5.0
Throwing       | 2 3 |  3.0
Invocations    | 2 7 8 12 14 | 14.0
Evocations     | 4 9 10 12 | 12.0
Armour         | 2 5 |  5.6
Shapeshifting  | 7 11 14 16 | 16.0
Translocations | 4 8 10 11 14 18 | 18.0
Dodging        | 6 10 12 13 | 13.1
Unarmed Combat | 4 10 13 15 18 20 | 20.9
Shields        | 3 7 10 | 10.0
Summonings     | 8 11 14 16 | 16.0

Action                     |  1- 3 |  4- 6 |  7- 9 | 10-12 | 13-15 | 16-18 | 19-21 | 22-24 | 25-27 || total
---------------------------+-------+-------+-------+-------+-------+-------+-------+-------+-------++-------
  Melee: Rapier            |     7 |       |       |       |       |       |       |       |       ||     7
         Dagger            |    16 |   122 |     7 |       |       |       |       |       |       ||   145
         Short sword       |       |       |   514 |   605 |  1206 |   622 |       |       |       ||  2947
         Constrict         |       |       |       |       |   192 |   260 |   249 |   154 |    75 ||   930
         Maw               |       |       |       |       |   141 |   465 |       |       |       ||   606
         Unarmed           |       |       |       |       |       |   521 |  1023 |  1080 |   647 ||  3271
         Punch             |       |       |       |       |       |    45 |       |       |       ||    45
  Throw: Javelin           |     5 |     3 |     3 |     1 |       |       |       |       |       ||    12
         Stone             |     8 |       |       |       |       |       |       |       |       ||     8
         Dart              |       |    25 |    17 |    39 |    62 |   140 |    24 |     9 |       ||   316
         Boomerang         |       |    18 |    35 |     5 |       |       |       |    36 |       ||    94
         Throwing net      |       |     4 |     5 |       |       |       |       |       |     2 ||    11
   Cast: Frozen Ramparts   |       |    23 |    37 |    23 |    18 |     1 |       |       |       ||   102
         Ensorcelled Hiber |       |       |    38 |   188 |    99 |       |       |       |       ||   325
         Passwall          |       |       |     5 |     7 |    12 |     5 |       |     2 |       ||    31
         Apportation       |       |       |       |     2 |     2 |     9 |       |     5 |     2 ||    20
         Blink             |       |       |       |     1 |     4 |     2 |     7 |     2 |     3 ||    19
         Summon Forest     |       |       |       |       |       |       |    26 |    59 |    43 ||   128
         Summon Cactus Gia |       |       |       |       |       |       |    13 |    74 |    49 ||   136
         Manifold Assault  |       |       |       |       |       |       |       |    35 |    79 ||   114
         Malign Gateway    |       |       |       |       |       |       |       |    14 |    23 ||    37
         Summon Hydra      |       |       |       |       |       |       |       |       |    11 ||    11
 Invoke: Convert to Beogh  |       |     1 |       |       |       |       |       |       |       ||     1
         Banish            |       |       |       |     8 |    20 |    12 |     3 |     3 |       ||    46
         Depart the Abyss  |       |       |       |     1 |       |       |       |       |       ||     1
         Corrupt           |       |       |       |       |     1 |     2 |     4 |     2 |     1 ||    10
         Brand Weapon With |       |       |       |       |       |       |       |     1 |       ||     1
         Enter the Abyss   |       |       |       |       |       |       |       |     1 |       ||     1
Ability: Spit Poison       |    36 |    39 |    25 |     9 |    20 |     6 |       |       |       ||   135
  Evoke: Wand              |       |       |       |     9 |    33 |    19 |    14 |    17 |    23 ||   115
         Lightning rod     |       |       |       |     3 |    20 |    17 |    16 |     8 |     4 ||    68
         Tin of tremorston |       |       |       |       |       |     2 |     6 |     5 |       ||    13
         Phantom mirror    |       |       |       |       |       |     1 |     1 |     4 |     3 ||     9
         Phial of floods   |       |       |       |       |       |       |     2 |     2 |     1 ||     5
    Use: Potion            |     1 |     3 |     7 |     3 |     5 |     4 |     3 |    11 |    15 ||    52
         Scroll            |       |     5 |     7 |     4 |    29 |    20 |    14 |     9 |    13 ||   101
   Stab: Sleeping          |       |     1 |    20 |    71 |    60 |    18 |    16 |     4 |     1 ||   191
         Held in net/web   |       |     1 |     4 |       |       |       |       |       |       ||     5
         Invisible         |       |       |     3 |       |       |       |       |     2 |       ||     5
         Petrified         |       |       |       |       |     4 |       |       |       |       ||     4
         Distracted        |       |       |       |       |    14 |    26 |     7 |    12 |     9 ||    68
         Paralysed         |       |       |       |       |       |       |       |       |     2 ||     2
         Betrayed ally     |       |       |       |       |       |       |       |       |     1 ||     1
 Armour: Leather armour    |    12 |    76 |    68 |   490 |   750 |       |       |       |       ||  1396
         Robe              |       |       |   209 |    85 |       |       |       |       |       ||   294
         Skin              |       |       |       |       |   105 |   866 |  1290 |  1474 |   853 ||  4588
  Dodge: Dodged            |    13 |    64 |   169 |   447 |   875 |   783 |   769 |   823 |   437 ||  4380
  Block: Other             |       |       |       |       |   102 |   161 |       |       |       ||   263
         Reflection        |       |       |       |       |     5 |    21 |       |       |       ||    26
         Buckler           |       |       |       |       |       |    60 |   525 |   420 |   195 ||  1200
   Form: Maw               |       |       |       |       |     1 |       |       |       |       ||     1
         Statue            |       |       |       |       |       |     1 |       |       |       ||     1

Table legend: (Time is in decaauts)
 A = Elapsed time spent in this place.
 B = Non-inter-level travel time spent in this place.
 C = Inter-level travel time spent in this place.
 D = Time resting spent in this place.
 E = Time spent auto-exploring this place.
 F = Levels seen in this place.
 G = Mean time per level.
                   A        B        C        D        E       F      G
               +--------+--------+--------+--------+--------+-----+--------+
         Total | 113771 | 101125 |  12646 |  18852 |  55090 |  56 | 2031.6 |
       Dungeon |  33307 |  28940 |   4367 |   5694 |  14189 |  15 | 2220.5 |
          Lair |  14109 |  12314 |   1795 |   3001 |   6478 |   5 | 2821.8 |
        Shoals |   8173 |   7308 |    865 |    918 |   4315 |   4 | 2043.2 |
     Snake Pit |   9101 |   8284 |    817 |   1249 |   5235 |   4 | 2275.2 |
    Slime Pits |   6246 |   5976 |    270 |   2977 |   1596 |   5 | 1249.2 |
  Orcish Mines |   3128 |   2534 |    594 |    261 |   1648 |   2 | 1564.0 |
   Elven Halls |   6757 |   6001 |    756 |    766 |   3652 |   3 | 2252.3 |
        Vaults |   9014 |   8255 |    759 |    526 |   5763 |   4 | 2253.5 |
        Depths |   9791 |   8665 |   1126 |    801 |   5668 |   4 | 2447.8 |
           Zot |  12686 |  11392 |   1294 |   2398 |   5783 |   5 | 2537.2 |
         Abyss |     40 |     40 |      0 |      0 |      0 |   2 |   20.0 |
        Bazaar |    139 |    139 |      0 |      0 |    117 |   1 |  139.0 |
      Ice Cave |    153 |    153 |      0 |    100 |      0 |   1 |  153.0 |
        Wizlab |   1122 |   1122 |      0 |    156 |    642 |   1 | 1122.0 |
               +--------+--------+--------+--------+--------+-----+--------+

Top non-repeatable levels by time:
  Lair:3: 3968 daAuts
   Zot:5: 3902 daAuts
  Lair:2: 3791 daAuts
    D:13: 3779 daAuts
 Snake:4: 3450 daAuts
   Zot:3: 3206 daAuts
  Lair:1: 3166 daAuts
    D:10: 3064 daAuts
     D:4: 3027 daAuts
Shoals:3: 3008 daAuts
     D:5: 2730 daAuts
   Elf:3: 2724 daAuts
   Elf:1: 2686 daAuts
 Slime:5: 2674 daAuts
Depths:3: 2651 daAuts
